 Dungeon Crawl Stone Soup version 0.27-a0-1502-g47ed6a6988 (webtiles) character file.

Game seed: 4900532661343226245

47 Gwenloh the Cudgeller (level 3, 0/27 HPs)
             Began as a Human Warper on July 8, 2021.
             Succumbed to an adder's poison
             ... on level 2 of the Dungeon.
             The game lasted 00:03:13 (1480 turns).

Gwenloh the Cudgeller (Human Warper)                Turns: 1480, Time: 00:03:13

Health: 0/27       AC:  4    Str: 11    XL:     3   Next: 97%
Magic:  6/6        EV: 11    Int: 13    God:
Gold:   41         SH:  0    Dex: 13    Spells: 4/6 levels left

rFire    . . .     SeeInvis .   a - +0 mace
rCold    . . .     Faith    .   (no shield)
rNeg     . . .     Spirit   .   b - +0 leather armour
rPois    .         Reflect  .   f - +0 helmet
rElec    .         Harm     .   l - scarf {+Inv}
rCorr    .         Rampage  .   (no gloves)
Will     .....                  (no boots)
Stlth    +.........             (no amulet)
HPRegen  0.09/turn              (no ring)
MPRegen  0.10/turn              (no ring)

@: lethally poisoned (0 -> -4)
A: no striking features
a: Evoke Invisibility


You were on level 2 of the Dungeon.
You visited 1 branch of the dungeon, and saw 2 of its levels.

You collected 41 gold pieces.

Inventory:

Hand Weapons
 a - a +0 mace (weapon)
Missiles
 d - 5 boomerangs of dispersal
 g - 54 stones (quivered)
 i - 26 arrows
Armour
 b - a +0 leather armour (worn)
 f - a +0 helmet (worn)
 l - a scarf of invisibility (worn)
Jewellery
 m - a ring of poison resistance
Scrolls
 c - a scroll of blinking
 h - a scroll of fear {unknown}
 j - a scroll of enchant armour {unknown}
 k - a scroll of identify {unknown}
 n - 2 scrolls of noise {unknown}
Potions
 e - a potion of cancellation {unknown}
 o - a potion of might {unknown}


   Skills:
 - Level 2.0 Fighting
 * Level 3.4 Maces & Flails
 - Level 1.0 Throwing
 + Level 2.1 Armour
 - Level 2.0 Dodging
 - Level 2.0 Spellcasting
 - Level 3.0 Translocations


You had 4 spell levels left.
You knew the following spells:

 Your Spells              Type           Power      Damage    Failure   Level
a - Blink                 Tloc           N/A        N/A       14%         2

Your spell library contained the following spells:

 Spells                   Type           Power      Damage    Failure   Level
 Gell's Gravitas          Tloc           4%         N/A       28%         3
 Lesser Beckoning         Tloc           4%         N/A       28%         3
 Teleport Other           Tloc           9%         N/A       28%         3
 Slow                     Hex            1%         N/A       45%         2
 Confusing Touch          Hex            1%         N/A       69%         3
 Vampiric Draining        Necr           0%         2d6       69%         3
 Manifold Assault         Tloc           9%         N/A       95%         5


Dungeon Overview and Level Annotations

Branches:
Dungeon (2/15)

Altars:


Message History

You hit the adder but do no damage.
The adder is lightly wounded.
You feel very sick. The adder bites you but does no damage.
The adder barely misses you.
You barely miss the adder.
The adder is lightly wounded.
You feel sick. The adder bites you but does no damage.
You miss the adder.
The adder is lightly wounded.
You feel sick. The adder bites you. The adder barely misses you.
You barely miss the adder.
The adder is lightly wounded.
You feel sick. The adder closely misses you. x2
You barely miss the adder.
The adder is lightly wounded.
You feel sick. The adder bites you but does no damage.
You closely miss the adder.
The adder is lightly wounded.
You feel sick.
You are no longer poisoned.
The adder closely misses you. x2
You thump the adder!
The adder is almost dead.
The adder bites you but does no damage. x2
You completely miss the adder.
The adder is almost dead.
The adder bites you.
* * * LOW HITPOINT WARNING * * *
You are lethally poisoned!
The adder poisons you!
You sock the adder!
You kill the adder!
* * * LOW HITPOINT WARNING * * *
You feel sick.
You hit the quokka but do no damage.
* * * LOW HITPOINT WARNING * * *
You feel sick. The quokka barely misses you. The quokka bites you.
* * * LOW HITPOINT WARNING * * *
You closely miss the quokka.
You die...

######
#####.....#
#.....#
#.....#
#.....#
#.....#
#.....#
#.....#
##..###
##@# #r#
#(. ##.# ..
((# (.# ..#


You could see a quokka.

Vanquished Creatures
  3 adders (D:2)
  A dart slug (D:1)
  A ball python (D:1)
  3 endoplasms
  2 hobgoblins (D:1)
  A kobold (D:1)
  A quokka (D:1)
  5 bats
  A frilled lizard (D:1)
18 creatures vanquished.

Notes
Turn   | Place    | Note
-------+----------+-------------------------------------------
     0 | D:1      | Gwenloh the Human Warper began the quest for the Orb.
     0 | D:1      | Reached XP level 1. HP: 16/16 MP: 3/3
   369 | D:1      | Reached XP level 2. HP: 22/22 MP: 5/5
   467 | D:1      | Learned a level 2 spell: Blink
  1237 | D:2      | Reached XP level 3. HP: 23/27 MP: 6/6
  1479 | D:2      | HP: 1/27 [quokka (1)]
  1480 | D:2      | Succumbed to an adder's poison

Illustrated notes

Levels and vault maps discovered:
D:1:      amcnicky_arrival_choice, layout_basic
D:2:      layout_basic, shapermc_ecumenical_altar_petra, grunt_decor_cap,
          minmay_pentomino_x2

Skill      XL: |  1  2  3 |
---------------+----------+-----
Maces & Flails | 3 |  3.4
Armour         | 2 |  2.1
Fighting       | |  2.0
Throwing       | |  1.0
Dodging        | |  2.0
Spellcasting   | |  2.0
Translocations | |  3.0

Action                   || total
-------------------------++-------
Melee: Mace              ||    69
Throw: Stone             ||    44
Armor: Leather armour    ||    32
Dodge: Dodged            ||    55

Table legend: (Time is in decaauts)
 A = Elapsed time spent in this place.
 B = Non-inter-level travel time spent in this place.
 C = Inter-level travel time spent in this place.
 D = Time resting spent in this place.
 E = Time spent auto-exploring this place.
 F = Levels seen in this place.
 G = Mean time per level.
                   A        B        C        D        E       F      G
               +--------+--------+--------+--------+--------+-----+--------+
         Total |   1500 |   1467 |     33 |    177 |   1051 |   2 |  750.0 |
       Dungeon |   1500 |   1467 |     33 |    177 |   1051 |   2 |  750.0 |
               +--------+--------+--------+--------+--------+-----+--------+

Top non-repeatable levels by time:
     D:1: 1205 daAuts
     D:2: 295 daAuts
